 Dungeon Crawl Stone Soup version 0.20.1-1-g8b1a95d (console) character file.

1220 hilaritas the Grappler (level 8, -3/55 HPs)
             Began as a Ghoul Warper on Sept 24, 2017.
             Was a Follower of Hepliaklqana.
             Slain by a two-headed ogre
             ... wielding a +0 giant spiked club
              (13 damage)
             ... on level 5 of the Dungeon.
             The game lasted 00:13:49 (5067 turns).

hilaritas the Grappler (Ghoul Warper)               Turns: 5067, Time: 00:13:50

Health: -3/55      AC:  6    Str: 17    XL:     8   Next: 47%
Magic:  9/9        EV: 12    Int:  8    God:    Hepliaklqana [*.....]
Gold:   276        SH:  0    Dex:  8    Spells: 8/10 levels left

rFire    . . .     SeeInvis .     - Unarmed
rCold    + . .     Gourm    .   (no shield)
rNeg     + + +     Faith    .   o - +2 robe
rPois    ∞         Spirit   .   q - +0 helmet
rElec    .         Reflect  .   r - +0 cloak (curse)
rCorr    .         Harm     .   (no gloves)
MR       .....                  (no boots)
Stlth    ++........             (no amulet)
Regen    0.0/turn               (no ring)
MPRegen  0.2/turn               (no ring)

@: rotting
A: rotting body, reduced essence, claws 1, carnivore 3, cold resistance 1,
negative energy resistance 3, inhibited regeneration, torment resistance,
unbreathing
a: Recall Ancestor, Ancestor Identity, Renounce Religion


You were on level 5 of the Dungeon.
You worshipped Hepliaklqana.
Hepliaklqana was aware of your devotion.
You were not hungry.

You visited 1 branch of the dungeon, and saw 5 of its levels.

You collected 276 gold pieces.

Inventory:

Missiles
 d - 5 tomahawks of dispersal (quivered)
Armour
 l - a cursed +0 buckler
 o - a +2 robe (worn)
 q - a +0 helmet (worn)
 r - a cursed +0 cloak (worn)
 D - a +0 pair of gloves
Jewellery
 k - an uncursed amulet of rage {unknown}
 m - a cursed amulet of inaccuracy {unknown}
 p - an uncursed amulet of rage {unknown}
 s - an uncursed ring of fire {unknown}
 u - an uncursed ring of positive energy {unknown}
 v - an uncursed ring of positive energy {unknown}
Wands
 w - a wand of paralysis (8/24)
 F - a wand of digging (10/24)
Scrolls
 a - a scroll of enchant armour {unknown}
 c - a scroll of blinking
 e - 5 scrolls of teleportation {unknown}
 g - 5 scrolls of remove curse {unknown}
 j - a scroll of fog {unknown}
 x - 3 scrolls of identify {unknown}
 y - a scroll of recharging {unknown}
 E - a scroll of enchant weapon {unknown}
Potions
 h - a potion of invisibility {unknown}
 i - a potion of heal wounds
 n - 3 potions of mutation {unknown}
 z - 3 potions of curing {unknown}
 A - a potion of resistance
 C - a potion of flight {unknown}
Books
 b - a book of Spatial Translocations

   Spells                             Type                      Level
   a - Blink                          Translocation                2
   b - Shroud of Golubria             Charms/Translocation         2
   c - Lesser Beckoning               Translocation                3
   d - Gell's Gravitas                Translocation                3
   e - Teleport Other                 Translocation                3
   f - Passage of Golubria            Translocation                4
Comestibles
 f - 2 meat rations
 t - 5 royal jellies
 B - 2 chunks of flesh


   Skills:
 * Level 2.4 Fighting
 - Level 0.8 Throwing
 - Level 0.8 Armour
 * Level 2.1 Dodging
 * Level 4.1 Stealth
 - Level 10.0 Unarmed Combat
 - Level 1.7 Spellcasting
 - Level 2.6 Translocations
 * Level 0.9 Invocations


You had 8 spell levels left.
You knew the following spells:

 Your Spells              Type           Power        Failure   Level  Hunger
a - Blink                 Tloc           N/A          19%         2    ###....


Dungeon Overview and Level Annotations

Branches:
Dungeon (5/15)
 Temple: D:4-7

Altars:
Elyvilon
Hepliaklqana
Nemelex Xobeh


Innate Abilities, Weirdness & Mutations

Your body is rotting away.
You thrive on raw meat.
You are immune to poison.
You have sharp fingernails.
You are carnivorous and can eat meat at any time.
Your flesh is cold resistant. (rC+)
You are immune to negative energy. (rN+++)
You do not regenerate when monsters are visible.
You are immune to unholy pain and torment.
You can survive without breathing.
Your life essence is reduced to manifest your ancestor. (-10% HP)


Message History

You kill the quokka!
The giant cockroach misses Aethelflaed.
Aethelflaed hits the giant cockroach.
Aethelflaed misses the giant cockroach.
The giant cockroach closely misses you.
Aethelflaed hits the giant cockroach.
You completely miss the giant cockroach.
The giant cockroach is almost dead.
The giant cockroach bites you but does no damage.
Aethelflaed closely misses the giant cockroach.
You scratch the giant cockroach but do no damage.
You claw the giant cockroach.
You kill the giant cockroach!
The two-headed ogre hits you with a giant spiked club!
The two-headed ogre hits you with a giant club!!
You barely miss the two-headed ogre.
You completely miss the two-headed ogre.
Aethelflaed hits the two-headed ogre!
The two-headed ogre hits you with a giant spiked club!
* * * LOW HITPOINT WARNING * * *
The two-headed ogre hits you with a giant club!
You die...

..######################...>.
P........................####
.......<....###############..
≈...........# ########.#
P...........# ##..÷......
..####.....## ###[.######..
#####..#####.<.#######..
##.#.....####.......
#...###......####..
##..##..###### #.. ######
#.@R#..## #.. #....##
######.#O#.#### #.. .P....#
##......#......### #..
≈≈≈P≈.###...######.###...# #..
P♣≈≈≈.##....######..####.######..
.PP)P.....#.....###.## #.........
......###............#####.......
####### #.#######.......#...####.
.## #.# #..........#.......# #.##
#.# #..............##.## ##.##
#.# #............#..##..


You could see the friendly Aethelflaed the ancestor and a two-headed ogre.

Vanquished Creatures
  Sigmund (D:2)
  Edmund (D:5)
  An ogre (D:5)
  A scorpion (D:4)
  A bullfrog zombie (D:5)
  2 hounds
  4 orc wizards
  Crazy Yiuf (D:2)
  A centaur skeleton (D:5)
  Ijyb (D:5)
  Natasha (thrice) (D:2)
  A worker ant (D:5)
  A killer bee zombie (D:5)
  Robin (D:2)
  8 adders
  2 oozes
  3 worms
  3 dart slugs
  3 leopard geckos (D:2)
  19 orcs
  A ball python (D:5)
  7 giant cockroaches
  9 hobgoblins
  8 jackals
  11 kobolds
  2 quokkas
  10 bats
  2 frilled lizards (D:2)
  16 goblins
  A jackal skeleton (D:4)
  A jackal zombie (D:5)
  3 rats
129 creatures vanquished.

Vanquished Creatures (collateral kills)
  A bullfrog (D:5)
  A hound (D:4)
  An orc wizard (D:4)
  A worker ant (D:4)
  An adder (D:5)
  A shadow imp (D:5)
  2 leopard geckos (D:4)
8 creatures vanquished.

Grand Total: 137 creatures vanquished

Notes
Turn   | Place    | Note
-------+----------+-------------------------------------------
     0 | D:1      | hilaritas the Ghoul Warper began the quest for the Orb.
     0 | D:1      | Reached XP level 1. HP: 17/17 MP: 2/2
   284 | D:1      | Reached skill level 1 in Stealth
   284 | D:1      | Reached XP level 2. HP: 19/24 MP: 3/3
   585 | D:1      | Reached skill level 3 in Unarmed Combat
   660 | D:1      | Reached XP level 3. HP: 25/29 MP: 4/4
   680 | D:1      | Learned a level 2 spell: Blink
  1348 | D:2      | Found a white marble altar of Elyvilon.
  1436 | D:2      | Noticed Natasha
  1442 | D:2      | Killed Natasha
  1442 | D:2      | Reached skill level 4 in Unarmed Combat
  1442 | D:2      | Reached XP level 4. HP: 29/36 MP: 5/5
  1615 | D:2      | Noticed Sigmund
  1635 | D:2      | Killed Sigmund
  1635 | D:2      | Reached skill level 6 in Unarmed Combat
  1635 | D:2      | Reached XP level 5. HP: 19/41 MP: 6/6
  1635 | D:2      | Reached XP level 6. HP: 22/48 MP: 7/7
  1999 | D:2      | Noticed Natasha
  2011 | D:2      | Killed Natasha
  2046 | D:2      | Noticed Natasha
  2058 | D:2      | Killed Natasha
  2287 | D:2      | Found a runed door.
  2316 | D:2      | Noticed Robin
  2360 | D:2      | Killed Robin
  2620 | D:2      | Noticed Crazy Yiuf
  2626 | D:2      | Killed Crazy Yiuf
  2733 | D:3      | Reached skill level 7 in Unarmed Combat
  2781 | D:3      | Reached XP level 7. HP: 52/55 MP: 8/8
  3288 | D:3      | Found a sparkling altar of Nemelex Xobeh.
  3290 | D:3      | Found a hazy altar of Hepliaklqana.
  3296 | D:3      | Became a worshipper of Hepliaklqana the Forgotten
  3689 | D:4      | Reached skill level 8 in Unarmed Combat
  4374 | D:5      | Entered Level 5 of the Dungeon
  4374 | D:5      | Noticed Ijyb
  4383 | D:5      | Paralysed by Ijyb for 7 turns
  4394 | D:5      | Paralysed by Ijyb for 3 turns
  4398 | D:5      | Killed Ijyb
  4471 | D:5      | Reached skill level 9 in Unarmed Combat
  4483 | D:5      | Reached XP level 8. HP: 30/54 MP: 9/9
  4906 | D:5      | Reached skill level 10 in Unarmed Combat
  4971 | D:5      | Noticed Edmund
  4985 | D:5      | Noticed a two-headed ogre
  5001 | D:5      | Killed Edmund
  5036 | D:5      | Reached * piety under Hepliaklqana
  5067 | D:5      | Slain by a two-headed ogre

Skill      XL: |  1  2  3  4  5  6  7  8 |
---------------+-------------------------+-----
Stealth        | 1 2 3 4 |  4.1
Unarmed Combat | 3 4 6 7 9 10 | 10.0
Dodging        | 2 |  2.1
Fighting       | |  2.4
Throwing       | |  0.8
Armour         | |  0.8
Spellcasting   | |  1.7
Translocations | |  2.6
Invocations    | |  0.9

Action                   |  1- 3 |  4- 6 |  7- 9 || total
-------------------------+-------+-------+-------++-------
Melee: Unarmed           |   117 |   140 |   194 ||   451
       Punch             |     1 |     2 |     6 ||     9
Invok: Ancestor Identity |       |       |     1 ||     1
  Use: Potion            |       |     1 |       ||     1
 Stab: Sleeping          |       |     1 |     1 ||     2
  Eat: Chunk             |    19 |    21 |    51 ||    91
       Royal jelly       |       |       |     1 ||     1
Armor: Leather armour    |    58 |     9 |       ||    67
       Robe              |       |    40 |    49 ||    89
Dodge: Dodged            |    88 |   121 |    93 ||   302
